AoeStats
← tenkane

Arabia

510511845Analyzed
1v1 RM · 15h ago on Oct 1, 2026· 33m 21s· 2 players
Game mode
Random Map
Map size
Tiny (2 player)
Population
200
Speed
Normal
Resources
Standard
Victory
Conquest
Starting age
Dark Age
Ending age
Imperial Age
RankedLock teamsTeams togetherTeam positionsShared explorationLock speedFull tech treeHidden civsTurbo modeCheats
Victory
Defeat
🇫🇮 Britons · Finland
1289
+17
🇨🇳 Spanish · China
1302
-17
tenkane
6:48 Loom
9:33 Feudal Age
10:33 Double-Bit Axe
12:57 Horse Collar
14:33 Fletching
21:03 Castle Age
19:05 Gold Mining
19:56 Padded Archer Armor
21:14 Crossbowman
22:03 Bodkin Arrow
22:19 Heavy Plow
25:27 Ballistics
28:18 Leather Archer Armor
28:35 Town Watch
31:04 Wheelbarrow
33:35 Bow Saw
EXWUYA
3:23 Loom
10:26 Feudal Age
8:44 Loom
10:30 Feudal Age
15:00 Castle Age
14:02 Double-Bit Axe
23:25 Gold Mining
23:20 Horse Collar
28:14 Padded Archer Armor
28:40 Bow Saw
29:52 Wheelbarrow
29:45 Town Watch
31:59 Gold Mining
Connection lost

Rejoining the realm…

Still unreachable

The connection could not be restored.

Session expired

The server has moved on; the page needs a fresh start.